 Dungeon Crawl Stone Soup version 0.22.1-1-ga44c0e56f4 (webtiles) character file.

74 Ihlosi the Skirmisher (level 4, 0/75 HPs)
             Began as an Ogre Fighter on Oct 29, 2018.
             Succumbed to an adder's poison
             ... on level 2 of the Dungeon.
             The game lasted 00:04:33 (1480 turns).

Ihlosi the Skirmisher (Ogre Fighter)                Turns: 1480, Time: 00:04:33

Health: 0/75       AC: 22    Str: 23 (25) XL:     4   Next: 30%
Magic:  4/4        EV:  1    Int:  9 (11) God:
Gold:   79         SH:  8    Dex:  3 (6)  Spells: 3/3 levels left

rFire    . . .     SeeInvis .   g - +0 mace
rCold    . . .     Gourm    .   c - +0 shield
rNeg     + + +     Faith    .   (armour currently unavailable)
rPois    +         Spirit   .   (helmet currently unavailable)
rElec    .         Reflect  .   (cloak currently unavailable)
rCorr    .         Harm     .   (gloves unavailable)
MR       .....     NoTele   +   (boots unavailable)
Stlth    +.........             (no amulet)
HPRegen  0.22/turn              m - -3 ring of dexterity (curse)
MPRegen  0.09/turn              k - -3 ring of intelligence (curse)

@: mighty, brilliant, lethally poisoned (0 -> -1), tree-form
A: large, unfitting armour
a: no special abilities


You were on level 2 of the Dungeon.
You were not hungry.
You were a tree.
You visited 1 branch of the dungeon, and saw 3 of its levels.

You collected 79 gold pieces.

Inventory:

Hand Weapons
 a - a +0 flail
 g - a +0 mace (weapon)
Armour
 b - a +0 robe (melded)
 c - a +0 shield (worn)
Jewellery
 k - a cursed -3 ring of intelligence (right branch)
 m - a cursed -3 ring of dexterity (left branch)
 o - an uncursed ring of fire {unknown}
Scrolls
 i - a scroll of amnesia
 n - a scroll of identify
Comestibles
 f - 4 rations
 l - 2 chunks of flesh


   Skills:
 + Level 5.2 Fighting
 + Level 2.4 Maces & Flails
 + Level 3.4 Dodging
 - Level 2.6 Shields


You had 3 spell levels left.
You didn't know any spells.
Your spell library was empty.

Dungeon Overview and Level Annotations

Branches:
Dungeon (3/15)

Altars:
Kikubaaqudgha


Innate Abilities, Weirdness & Mutations

You are too large for most types of armour.
((You have tough skin. (AC +1)))


Message History

It was a potion of lignification.
You turn into a tree.
Your +0 robe melds into your body.
Your roots penetrate the ground.
* * * LOW HITPOINT WARNING * * *
You feel sick.
The quokka twitches its whiskers.
The quokka bites you but does no damage.
You feel very mighty all of a sudden.
The quokka bites you but does no damage.
You barely miss the quokka.
The quokka is severely wounded.
* * * LOW HITPOINT WARNING * * *
You feel sick. You block the quokka's attack.
The quokka bites you but does no damage.
You hit the quokka.
You kill the quokka!
* * * LOW HITPOINT WARNING * * *
You feel sick.
You cannot move.
There is a lethal amount of poison in your body!
You die...

....# *,,,,,,,,,,,,,,,,,,,,,..
....# *.#...,,,,,,*,*,,,,,,,..
....# *.#...,,,,,,*,*,,,,,,,..
....######.#...,,,,,,*,*,,,,,,,.,
...............,,,,,,,,*,,,,,,,,,
###........##S#*****,,,*,,,,,,,,,
# #.#####..##.# *,*,*,,,,,,,,,
###.#####..##.######.#..,,,,,,,,,
................♣.......,,>,,,,,,
###.#####[.##.######.#..,,,,,,,,,
#.# #..##'######+*,,,,,,,,,,,
#.#####..#.........,,,,,,,,,,,,
#.#......'.........,,,**+******
#.#.######.........,,,,*,*
###+#'#######..#.....,,*,*,*
#...........##.#.####***,,,*
#...........#*.#,# **,,*


There were no monsters in sight!

Vanquished Creatures
  An adder (D:2)
  An ooze (D:1)
  2 worms (D:2)
  3 dart slugs (D:1)
  6 bats
  4 giant cockroaches
  5 goblins
  6 hobgoblins
  6 kobolds
  3 quokkas
  A ball python (D:2)
  2 frilled lizards
  6 rats
  A plant (D:1)
47 creatures vanquished.

Notes
Turn   | Place    | Note
-------+----------+-------------------------------------------
     0 | D:1      | Ihlosi the Ogre Fighter began the quest for the Orb.
     0 | D:1      | Reached XP level 1. HP: 24/24 MP: 1/1
   190 | D:1      | Reached XP level 2. HP: 20/32 MP: 2/2
   438 | D:1      | Reached XP level 3. HP: 40/40 MP: 3/3
   865 | D:2      | Found an ancient bone altar of Kikubaaqudgha.
  1405 | D:2      | Reached XP level 4. HP: 49/49 MP: 4/4
  1446 | D:2      | Reached skill level 5 in Fighting
  1474 | D:2      | HP: 2/50 [poisoned by an adder]
  1480 | D:2      | Succumbed to an adder's poison

Skill      XL: |  1  2  3  4 |
---------------+-------------+-----
Dodging        | 3 |  3.4
Maces & Flails | 2 |  2.4
Fighting       | 5 |  5.2
Shields        | |  2.6

Action                   |  1- 3 |  4- 6 || total
-------------------------+-------+-------++-------
Melee: Flail             |    12 |       ||    12
       Mace              |   132 |    24 ||   156
  Use: Scroll            |     3 |       ||     3
       Potion            |       |     5 ||     5
  Eat: Chunk             |     2 |       ||     2
Armor: Robe              |    34 |     6 ||    40
       Skin              |       |     3 ||     3
Dodge: Dodged            |    30 |     8 ||    38
Block: Shield            |    54 |    11 ||    65
